 Dungeon Crawl Stone Soup version 0.30-a0-1124-g6e8f0f562f (webtiles) character file.

Game seed: 5253055137782411305

7376 pokeman the Thaumaturge (level 10, -2/56 HPs)
             Began as a Deep Elf Hedge Wizard on Apr 23, 2023.
             Was a Priest of Vehumet.
             Slain by Pikel
             ... wielding a +1 whip of flaming
              (5 damage)
             ... on level 9 of the Dungeon on Apr 24, 2023.
             The game lasted 00:30:44 (12117 turns).

pokeman the Thaumaturge (Deep Elf Hedge Wizard)    Turns: 12117, Time: 00:30:45

Health: -2/56      AC:  3    Str:  7    XL:     10   Next: 92%
Magic:  29/30      EV: 18    Int: 24    God:    Vehumet [***...]
Gold:   119        SH:  0    Dex: 14    Spells: 29/37 levels left

rFire   . . .        G - +2 dagger (elec)
rCold   . . .        (no shield)
rNeg    . . .        b - +0 robe
rPois   .            c - +0 hat
rElec   .            (no cloak)
rCorr   .            (no gloves)
SInv    .            m - +0 pair of boots
Will    +....        (no amulet)
Stlth   ++           i - +5 ring of evasion
HPRegen 0.29/turn    (no ring)
MPRegen 0.22/turn

%: no passive effects
@: no status effects
A: no striking features
a: Renounce Religion


You were on level 9 of the Dungeon.
You worshipped Vehumet.
Vehumet was most pleased with you.
You visited 2 branches of the dungeon, and saw 10 of its levels.
You also visited: Bailey.

You collected 332 gold pieces.
You spent 213 gold pieces at shops.

Inventory:

Hand Weapons
 G - a +2 dagger of electrocution (weapon)
 J - a +1 dagger of venom
Missiles
 K - a curare-tipped dart
Armour
 b - a +0 robe (worn)
 c - a +0 hat (worn)
 g - a +2 ring mail of positive energy
 m - a +0 pair of boots (worn)
 w - an orb of energy
 E - a +2 buckler of cold resistance
Jewellery
 i - a +5 ring of evasion (left hand)
 t - a ring of flight
 I - a +4 ring of protection
 M - a ring of fire
Wands
 y - a wand of iceblast (14)
 L - a wand of flame (26)
Scrolls
 f - 10 scrolls of identify {unknown}
 j - 2 scrolls of fear {unknown}
 k - 4 scrolls of enchant armour {unknown}
 n - a scroll of immolation {unknown}
 o - 4 scrolls of noise {unknown}
 u - 6 scrolls of teleportation {unknown}
 v - a scroll of brand weapon {unknown}
 C - a scroll of silence {unknown}
 D - 3 scrolls of blinking {unknown}
 F - a scroll of enchant weapon {unknown}
Potions
 a - a potion of mutation {unknown}
 d - 2 potions of magic
 e - 4 potions of curing
 h - a potion of degeneration {unknown}
 l - 2 potions of might
 p - 3 potions of heal wounds {unknown}
 q - a potion of berserk rage {unknown}
 r - 2 potions of haste
 s - 3 potions of flight {unknown}
 x - 2 potions of cancellation {unknown}
 z - a potion of ambrosia {unknown}
 A - 6 potions of attraction {unknown}
 H - a potion of resistance {unknown}


   Skills:
 + Level 3.8 Fighting
 - Level 3.0 Armour
 - Level 3.0 Dodging
 - Level 3.0 Stealth
 - Level 3.0 Shields
 * Level 14.3 Spellcasting
 + Level 8.3 Conjurations
 + Level 7.7 Summonings
 - Level 1.1 Translocations
 - Level 1.0 Air Magic
 - Level 1.0 Poison Magic
 - Level 1.0 Evocations


You had 29 spell levels left.
You knew the following spells:

 Your Spells              Type           Power      Damage    Failure   Level
a - Magic Dart            Conj           100%       1d8       1%          1
b - Mephitic Cloud        Conj/Pois/Air  33%        N/A       1%          3
c - Call Imp              Summ           100%       N/A       1%          2
d - Blink                 Tloc           44%        N/A       3%          2

Your spell library contained the following spells:

 Spells                   Type           Power      Damage    Failure   Level
 Momentum Strike          Conj/Tloc      78%        3d10      1%          2
 Slow                     Hex            68%        N/A       3%          1
 Cigotuvi's Dreadful Rot  Necr/Pois/Air  40%        N/A       3%          2
 Lesser Beckoning         Tloc           44%        N/A       3%          2
 Gell's Gravitas          Tloc           22%        N/A       6%          3
 Teleport Other           Tloc           22%        N/A       6%          3
 Portal Projectile        Hex/Tloc       38%        N/A       9%          3
 Tukima's Dance           Hex            17%        N/A       10%         3
 Blade Hands              Tmut           8%         N/A       67%         5


Dungeon Overview and Level Annotations

Branches:
Dungeon (9/15)             Temple (1/1) D:4          Bailey (visited)
   Lair: D:8-11         Orc: D:9-12

Altars:
Ashenzari
Cheibriados
Dithmenos
Elyvilon
Fedhas
Gozag
Hepliaklqana
Kikubaaqudgha
Makhleb
Nemelex Xobeh
Qazlal
Sif Muna
Trog
Uskayaw
Vehumet
Xom
Yredelemnul
Zin

Shops:
D:2 [   D:7 *   D:8 =

Annotations:
D:9 Pikel


Message History

Pikel barely misses you. The lemure barely misses you.
You hit Pikel.
Pikel looks as sick as possible!
Pikel is heavily wounded.
You kill the lemure!
That felt strangely unrewarding.
Pikel closely misses you.
You barely miss Pikel.
Pikel is heavily wounded.
The lemure hits you. Pikel misses you.
Your +1 dagger of venom stops dripping with poison.
You hear the crackle of electricity.
G - a +2 dagger of electrocution (weapon)
Pikel hits you with a +1 whip of flaming!
Pikel burns you.
You hit Pikel.
Pikel is severely wounded.
Pikel hits you with a +1 whip of flaming.
Pikel burns you.
You strike the helpless Pikel from behind!
You hit Pikel.
Pikel is severely wounded.
Pikel hits you with a +1 whip of flaming!
Pikel burns you.
You barely miss Pikel.
Pikel is severely wounded.
The lemure barely misses you.
The lemure hits itself.
Pikel barely misses you.
You hit Pikel but do no damage.
Pikel is severely wounded.
Pikel hits you with a +1 whip of flaming!
* * * LOW HITPOINT WARNING * * *
Pikel burns you.
* * * LOW HITPOINT WARNING * * *
Unknown command.
You catch the helpless Pikel completely off-guard!
You puncture Pikel!
Pikel is almost dead.
Pikel seems less confused.
Pikel hits you with a +1 whip of flaming!
* * * LOW HITPOINT WARNING * * *
Pikel burns you.
You die...

#........#
#........#
#........#
#........#
#........#
#........#
#........####
#K...........
####.@##..#####.
#............
#...)5.#######
#.........#
#(........#
#......####
#........
#.........
#........##


You could see Pikel (very poisoned) and a lemure (confused).

Vanquished Creatures
  2 vault guards (Bailey)
  Erica (D:8)
  An ugly thing (D:7)
  Prince Ribbit (Bailey)
  3 yaks (D:8)
  3 steam dragons
  A wyvern (D:7)
  3 humans (Bailey)
  An acid dragon (D:9)
  2 water moccasins (D:7)
  Duvessa (D:6)
  An orc warrior (D:8)
  A sky beast (D:7)
  4 ice beasts
  A tengu (D:8)
  An ogre (D:5)
  5 centaurs
  3 lemures (D:9)
  A phantom (D:5)
  2 kobold brigands (D:8)
  Blork the orc (D:6)
  8 bullfrogs (Bailey)
  2 scorpions (D:6)
  Dowan (D:6)
  A howler monkey (D:4)
  2 orc priests (D:6)
  A jelly (D:6)
  5 hounds
  A gnoll bouda (D:6)
  A sleepcap (D:7)
  Jessica (D:2)
  4 iguanas (D:5)
  Natasha (thrice) (D:2)
  5 orc wizards (D:8)
  A gnoll (Bailey)
  10 adders
  A shadow imp (D:8)
  2 white imps (D:6)
  3 worms
  A dart slug (D:2)
  32 orcs
  5 ball pythons
  8 endoplasms
  4 giant cockroaches
  4 goblins
  6 hobgoblins
  3 jackals (D:2)
  6 quokkas
  6 bats
  8 frilled lizards
  21 kobolds
  7 rats
  A spectral kobold (D:4)
203 creatures vanquished.

Vanquished Creatures (collateral kills)
  An ogre (D:5)
  A kobold brigand (D:6)
  A scorpion (D:7)
  Terence (D:3)
  2 worms (D:2)
  2 orcs
  2 jackals (D:2)
10 creatures vanquished.

Grand Total: 213 creatures vanquished

Notes
Turn   | Place    | Note
-------+----------+-------------------------------------------
     0 | D:1      | pokeman the Deep Elf Hedge Wizard began the quest for the
                  | Orb.
     0 | D:1      | Reached XP level 1. HP: 10/10 MP: 7/7
   357 | D:1      | Reached XP level 2. HP: 16/16 MP: 6/9
   872 | D:1      | Reached skill level 5 in Spellcasting
  1044 | D:1      | Reached XP level 3. HP: 20/20 MP: 9/11
  1048 | D:1      | Learned a level 3 spell: Mephitic Cloud
  1051 | D:1      | Learned a level 2 spell: Call Imp
  1054 | D:1      | Learned a level 2 spell: Blink
  1527 | D:2      | Reached skill level 1 in Armour
  1740 | D:2      | Reached skill level 1 in Fighting
  1743 | D:2      | Noticed Natasha
  1975 | D:2      | Killed Natasha
  1976 | D:2      | Reached XP level 4. HP: 25/25 MP: 3/13
  2059 | D:2      | Found Padouv's Antique Armour Boutique.
  2352 | D:2      | Noticed Natasha
  2362 | D:2      | Killed Natasha
  2469 | D:2      | Noticed Jessica
  2471 | D:2      | Killed Jessica
  2472 | D:2      | Reached skill level 6 in Spellcasting
  2472 | D:2      | Reached XP level 5. HP: 29/29 MP: 11/15
  2965 | D:2      | Noticed Natasha
  3009 | D:2      | Killed Natasha
  3653 | D:3      | Found a snail-covered altar of Cheibriados.
  3821 | D:3      | Reached skill level 1 in Poison Magic
  3915 | D:3      | Noticed Terence
  3931 | D:3      | Killed Terence
  3932 | D:3      | Reached skill level 1 in Air Magic
  4571 | D:4      | Found a shimmering blue altar of Sif Muna.
  4584 | D:4      | Reached XP level 6. HP: 34/34 MP: 9/17
  4668 | D:4      | Found a staircase to the Ecumenical Temple.
  4677 | Temple   | Entered the Ecumenical Temple
  4729 | Temple   | Became a worshipper of Vehumet
  4976 | D:4      | Found a hazy altar of Hepliaklqana.
  5349 | D:5      | Entered Level 5 of the Dungeon
  5365 | D:5      | Reached skill level 7 in Spellcasting
  5460 | D:5      | Reached skill level 1 in Evocations
  5562 | D:5      | Found a burning altar of Makhleb.
  5828 | D:5      | Reached XP level 7. HP: 16/39 MP: 2/20
  6093 | D:5      | Reached skill level 8 in Spellcasting
  6708 | D:2      | Bought a shiny buckler for 150 gold pieces
  6809 | D:6      | Noticed Duvessa
  6825 | D:6      | Noticed Dowan
  7045 | D:6      | Reached * piety under Vehumet
  7045 | D:6      | Offered knowledge of Shock by Vehumet.
  7046 | D:6      | Killed Duvessa
  7060 | D:6      | Noticed Blork the orc
  7078 | D:6      | Killed Dowan
  7079 | D:6      | Reached XP level 8. HP: 37/44 MP: 2/22
  7101 | D:6      | Killed Blork the orc
  7102 | D:6      | Reached skill level 9 in Spellcasting
  7412 | D:6      | Reached skill level 1 in Shields
  7412 | D:6      | Reached skill level 5 in Conjurations
  7593 | D:6      | Reached skill level 10 in Spellcasting
  7804 | D:6      | Offered knowledge of Poisonous Vapours by Vehumet.
  8348 | D:7      | Reached ** piety under Vehumet
  8362 | D:7      | Found a basalt altar of Yredelemnul.
  8432 | D:7      | HP: 2/44 [poisoned by a water moccasin]
  8455 | D:7      | Reached XP level 9. HP: 7/48 MP: 17/25
  8492 | D:7      | Reached skill level 5 in Summonings
  9018 | D:7      | Reached skill level 11 in Spellcasting
  9436 | D:7      | Found Jaeqoq's Assorted Antiques.
  9439 | D:7      | Bought a black potion for 20 gold pieces
  9439 | D:7      | Bought a scroll labelled EROEDO DYILEAV for 23 gold pieces
  9439 | D:7      | Bought a fizzy yellow potion for 20 gold pieces
  9842 | D:8      | Noticed a brown ugly thing
  9888 | D:7      | Killed a brown ugly thing
  9889 | D:7      | Reached skill level 12 in Spellcasting
  9964 | D:8      | Found a flagged portal.
  9974 | Bailey   | Entered a bailey
 10283 | Bailey   | Reached XP level 10. HP: 19/53 MP: 23/28
 10430 | Bailey   | Noticed Prince Ribbit
 10449 | Bailey   | Killed Prince Ribbit
 10567 | Bailey   | Reached skill level 13 in Spellcasting
 10681 | Bailey   | Noticed a vault guard
 10692 | Bailey   | Killed a vault guard
 10881 | Bailey   | Noticed a vault guard
 10924 | Bailey   | HP: 1/55 [vault guard/+0 broad axe (7)]
 10934 | Bailey   | Killed a vault guard
 10934 | Bailey   | Offered knowledge of Momentum Strike by Vehumet.
 11359 | D:8      | Reached *** piety under Vehumet
 11473 | D:8      | Noticed Erica
 11744 | D:8      | Found a shadowy altar of Dithmenos.
 11777 | D:8      | Killed Erica
 11778 | D:8      | Reached skill level 14 in Spellcasting
 11881 | D:8      | Found Qainlogi's Jewellery Shop.
 12083 | D:9      | Noticed Pikel
 12117 | D:9      | Slain by Pikel

Illustrated notes

Levels and vault maps discovered:
D:1:      grunt_arrival_crossed_arrows, layout_basic
D:2:      layout_basic, serial_shops, nicolae_shop_statue_plus,
          corexii_hall_statues_deadend, minivault_11, minmay_quantized,
          uniq_jessica, uniq_natasha
D:3:      layout_basic, mainiacjoe_overflow_concentric_impassable,
          minmay_crystal_room, uniq_terence
D:4:      layout_loops_ring, old_standard_altar,
          nicolae_hepliaklqana_monster_ancestors, temple_fountains
D:5:      layout_loops_ring, lemuel_crystal_altar
D:6:      layout_rooms, grunt_tough_drop, uniq_blork_the_orc, uniq_duvessa
D:7:      layout_basic, pf_just_have_faith, serial_shops,
          nicolae_shop_real_fake_doors, st_stairs_5
D:8:      layout_rooms, grunt_dithmenos_smoke, serial_shops,
          nicolae_shop_gaudy_bauble, enter_bailey_2, uniq_erica
D:9:      layout_irregular_city, dpeg_lair_monsters,
          hangedman_abyss_or_decor_stagger, dreamdust_princess_corridor,
          uniq_pikel, uniq_prince_ribbit1
Temple:   kb_temple_of_zot

Skill      XL: |  1  2  3  4  5  6  7  8  9 10 |
---------------+-------------------------------+-----
Spellcasting   | 5 6 7 8 10 12 14 | 14.3
Armour         | 1 2 3 |  3.0
Conjurations   | 2 3 4 5 7 8 |  8.3
Fighting       | 1 2 3 |  3.8
Dodging        | 3 |  3.0
Stealth        | 3 |  3.0
Poison Magic   | 1 |  1.0
Air Magic      | 1 |  1.0
Evocations     | 1 |  1.0
Summonings     | 2 3 4 6 7 |  7.7
Shields        | 2 3 |  3.0
Translocations | |  1.1

Action                     |  1- 3 |  4- 6 |  7- 9 | 10-12 || total
---------------------------+-------+-------+-------+-------++-------
  Melee: Dagger            |    12 |    38 |   120 |   122 ||   292
         Punch             |       |     1 |     1 |     1 ||     3
         Whip              |       |       |    19 |       ||    19
   Cast: Magic Dart        |   111 |   148 |   208 |    63 ||   530
         Call Imp          |     4 |     5 |    14 |     5 ||    28
         Mephitic Cloud    |     2 |    11 |    42 |    27 ||    82
         Blink             |       |     1 |     5 |     3 ||     9
  Evoke: Wand              |       |       |       |     6 ||     6
    Use: Potion            |       |       |       |     1 ||     1
   Stab: Confused          |       |     2 |    19 |    15 ||    36
 Armour: Robe              |     6 |     7 |    22 |    19 ||    54
  Dodge: Dodged            |    24 |    53 |   203 |    92 ||   372

Table legend: (Time is in decaauts)
 A = Elapsed time spent in this place.
 B = Non-inter-level travel time spent in this place.
 C = Inter-level travel time spent in this place.
 D = Time resting spent in this place.
 E = Time spent auto-exploring this place.
 F = Levels seen in this place.
 G = Mean time per level.
                   A        B        C        D        E       F      G
               +--------+--------+--------+--------+--------+-----+--------+
         Total |  12131 |  11640 |    491 |   1120 |   8300 |  11 | 1102.8 |
       Dungeon |  10901 |  10438 |    463 |    975 |   7559 |   9 | 1211.2 |
        Temple |     81 |     53 |     28 |      0 |     41 |   1 |   81.0 |
        Bailey |   1148 |   1148 |      0 |    145 |    700 |   1 | 1148.0 |
               +--------+--------+--------+--------+--------+-----+--------+

Top non-repeatable levels by time:
     D:2: 1868 daAuts
     D:7: 1707 daAuts
     D:5: 1668 daAuts
     D:3: 1370 daAuts
     D:1: 1286 daAuts
  Bailey: 1148 daAuts
     D:6: 1094 daAuts
     D:8: 910 daAuts
     D:4: 835 daAuts
     D:9: 159 daAuts
  Temple: 81 daAuts
